cohdb
Replays
Latest Replays
All Replays
Popular Replays
Top Player Replays
Match Explorer
How It Works
Community
CoH3 Stats
Reddit
Sign in to upload your games and track your stats! →
Sign in with Steam
Match 42376741
Unlisted
Match 42376741
Overview
Messages
Build Orders
End
Construct Section Command Post
Vickers Machine Gun Team
Dingo Light Scout Car
Vickers Machine Gun Team
Selects Canadian Shock Battlegroup
Construct Platoon Command Post
Selects Offensive Resupply
Selects Canadian Shock Section
Canadian Shock Section
CMP 15cwt Truck
Unlock Bishop Self-propelled Artillery
6-pounder Anti-tank Gun Team
Canadian Shock Section
Selects Incendiary Munitions
Bishop Self-propelled Artillery
Forward Retreat Point
Canadian Shock Section
Bishop Self-propelled Artillery
Vevlex
SLIM
오렌지플래닛
Доминик Декоко
PayPerPaper
???????????????????????????
油菜花
1187
0
0
Comments
sign in to comment!
No comments posted yet!